 Dungeon Crawl Stone Soup version 0.28-a0-258-g8de209e91f (webtiles) character file.

Game seed: 9961903427144353253

2 robertstho the Covert (level 1, -1/23 HPs)
             Began as a Gnoll Delver on Aug 26, 2021.
             Succumbed to a water moccasin's poison
             ... on level 4 of the Dungeon.
             The game lasted 00:01:20 (195 turns).

robertstho the Covert (Gnoll Delver)                 Turns: 195, Time: 00:01:20

Health: -1/23      AC:  8    Str: 11    XL:     1   Next: 40%
Magic:  1/1        EV:  5    Int:  9    God:
Gold:   0          SH:  0    Dex: 13    Spells: 0/0 levels left

rFire   . . .      SeeInvis .   a - +0 hand axe
rCold   . . .      Faith    .   (no shield)
rNeg    . . .      Spirit   .   b - +0 chain mail
rPois   .          Reflect  .   (no helmet)
rElec   .          Harm     .   (no cloak)
rCorr   .          Rampage  .   (no gloves)
Will    .....                   (no boots)
Stlth   +.........              (no amulet)
HPRegen 0.07/turn               (no ring)
MPRegen 0.07/turn               (no ring)

@: lethally poisoned (-1 -> -18), hasted, very quick
A: fangs 1, strong nose, distributed training
a: no special abilities


You were on level 4 of the Dungeon.
You visited 1 branch of the dungeon, and saw 2 of its levels.

Inventory:

Hand Weapons
 a - a +0 hand axe (weapon)
Armour
 b - a +0 chain mail (worn)
Wands
 g - a wand of digging (3)
Scrolls
 c - a scroll of fog
 e - a scroll of fear


   Skills:
 + Level 6.4 Fighting
 + Level 0.0 Short Blades
 + Level 0.0 Long Blades
 + Level 4.4 Axes
 + Level 0.0 Maces & Flails
 + Level 0.0 Polearms
 + Level 0.0 Staves
 + Level 0.0 Slings
 + Level 0.0 Bows
 + Level 0.0 Crossbows
 + Level 0.0 Throwing
 + Level 0.0 Armour
 + Level 4.4 Dodging
 + Level 9.5 Stealth
 + Level 0.0 Shields
 + Level 0.0 Unarmed Combat
 + Level 0.0 Spellcasting
 + Level 0.0 Conjurations
 + Level 0.0 Hexes
 + Level 0.0 Summonings
 + Level 0.0 Necromancy
 + Level 0.0 Translocations
 + Level 0.0 Transmutations
 + Level 0.0 Fire Magic
 + Level 0.0 Ice Magic
 + Level 0.0 Air Magic
 + Level 0.0 Earth Magic
 + Level 0.0 Poison Magic
 + Level 0.1 Invocations
 + Level 0.0 Evocations


You couldn't memorise any spells.
You didn't know any spells.
Your spell library was empty.

Dungeon Overview and Level Annotations

Branches:
Dungeon (5/15)
 Temple: D:4-7

Altars:


Innate Abilities, Weirdness & Mutations

You have very sharp teeth.
Your uncanny sense of smell can sniff out nearby items.
Your experience applies equally to all skills.


Message History

A water moccasin and a dart slug come into view.
Found 13 stones.
A water moccasin skeleton comes into view.
The water moccasin bites you.
You are poisoned.
The water moccasin poisons you!
There is an open door, spattered with blood here.
You hit the water moccasin but do no damage.
You feel very sick.
The water moccasin bites you but does no damage.
You hit the water moccasin.
The water moccasin is lightly wounded.
You feel sick. The water moccasin bites you.
The water moccasin barely misses you.
You hit the water moccasin but do no damage.
Your bite misses the water moccasin.
The water moccasin is lightly wounded.
Your chain mail prevents you from hitting the dart slug.
You feel sick.
The water moccasin bites you but does no damage.
The dart slug launches a dart at you. The slug dart misses you.
The water moccasin bites you but does no damage.
You feel sick.
You miss the water moccasin.
You bite the water moccasin, but do no damage.
The water moccasin is lightly wounded.
You feel sick. The water moccasin bites you.
* * * LOW HITPOINT WARNING * * *
You are lethally poisoned!
The water moccasin poisons you!
You feel yourself speed up.
* * * LOW HITPOINT WARNING * * *
You feel very sick. The water moccasin bites you.
* * * LOW HITPOINT WARNING * * *
The water moccasin bites you but does no damage.
You hit the water moccasin.
The water moccasin is lightly wounded.
You die...

....###.#########'######
. #'## #.......# #..#
#.......# #..# #.......#
#..# ####.......# #..#
...#.......# ##..##
...#..†....#
##8).8##..##.......#
+.....@Sw(###'######
#..##..#Z.# #.#
########..# #.# ∆∆
...##.# ∆∆ ...##.#
##+##.# #.# #.# #####.#


You could see a water moccasin, a dart slug and a water moccasin skeleton.

Vanquished Creatures
  A giant cockroach (D:4)
  A goblin (D:4)
  A quokka skeleton (D:4)
3 creatures vanquished.

Notes
Turn   | Place    | Note
-------+----------+-------------------------------------------
     0 | D:5      | Reached skill level 9 in Stealth
     0 | D:5      | robertstho the Gnoll Delver began the quest for the Orb.
     0 | D:5      | Reached XP level 1. HP: 23/23 MP: 1/1
    59 | D:5      | Noticed an ogre
    82 | D:5      | Noticed a hound
   187 | D:4      | Noticed a water moccasin
   195 | D:4      | Succumbed to a water moccasin's poison

Illustrated notes

Levels and vault maps discovered:
D:4:      minmay_chambers_of_twos, layout_basic, minmay_manual_mullet
D:5:      layout_loops_cross, mainiacjoe_overflow_large_starburst,
          mainiacjoe_overflow_six_doors_small, gup_sewer_entry_pipe

Skill      XL: | |
---------------+-+-----
Stealth        | |  9.5
Fighting       | |  6.4
Axes           | |  4.4
Dodging        | |  4.4
Invocations    | |  0.1

Action                   || total
-------------------------++-------
Melee: Hand axe          ||    14
       Bite              ||     1
  Use: Scroll            ||     1
       Potion            ||     1
Armor: Chain mail        ||    10
Dodge: Dodged            ||     8

Table legend: (Time is in decaauts)
 A = Elapsed time spent in this place.
 B = Non-inter-level travel time spent in this place.
 C = Inter-level travel time spent in this place.
 D = Time resting spent in this place.
 E = Time spent auto-exploring this place.
 F = Levels seen in this place.
 G = Mean time per level.
                   A        B        C        D        E       F      G
               +--------+--------+--------+--------+--------+-----+--------+
         Total |    200 |    178 |     22 |      0 |     82 |   2 |  100.0 |
       Dungeon |    200 |    178 |     22 |      0 |     82 |   2 |  100.0 |
               +--------+--------+--------+--------+--------+-----+--------+

Top non-repeatable levels by time:
     D:4: 108 daAuts
     D:5: 92 daAuts
